 Dungeon Crawl Stone Soup version 0.29.0-11-gd7f09526c8 (webtiles) character file.

Game seed: 13128048468216801206

102 xian the Sneak (level 4, 0/31 HPs)
             Began as an Octopode Monk on Sept 6, 2022.
             Slain by an orc
             ... wielding a +0 whip
              (3 damage)
             ... on level 3 of the Dungeon.
             The game lasted 00:05:32 (2206 turns).

xian the Sneak (Octopode Monk)                      Turns: 2206, Time: 00:05:32

Health: 0/31       AC:  1    Str: 12    XL:     4   Next: 77%
Magic:  4/4        EV: 14    Int: 12    God:
Gold:   124        SH:  0    Dex: 14    Spells: 4/4 levels left

rFire   . . .      SeeInvis .   a - +1 hand axe
rCold   . . .      Faith    .   (no shield)
rNeg    . . .      Spirit   .   (helmet restricted)
rPois   +          Reflect  .   (no amulet)
rElec   .          Harm     .   m - ring of poison resistance
rCorr   .          Rampage  .   (no ring)
Will    .....                   (no ring)
Stlth   ++++......              (no ring)
HPRegen 0.10/turn               (no ring)
MPRegen 0.09/turn               (no ring)
                                (no ring)
                                (no ring)

@: no status effects
A: almost no armour, amphibious, 8 rings, camouflage 1, gelatinous body 1,
(nimble swimmer 1), tentacles
a: no special abilities


You were on level 3 of the Dungeon.
You visited 1 branch of the dungeon, and saw 3 of its levels.

You collected 124 gold pieces.

Inventory:

Hand Weapons
 a - a +1 hand axe (weapon)
 i - a +0 dagger
Jewellery
 m - a ring of poison resistance (left tentacle)
Scrolls
 c - a scroll of immolation
 d - a scroll of identify
 f - a scroll of fear {unknown}
 h - a scroll of magic mapping {unknown}
 l - a scroll of teleportation {unknown}
 n - a scroll of torment {unknown}
Potions
 b - 2 potions of ambrosia
 e - a potion of resistance {unknown}
 g - a potion of haste {unknown}
 k - a potion of might {unknown}


   Skills:
 + Level 3.4 Fighting
 + Level 3.7 Axes
 + Level 3.4 Dodging
 + Level 4.2 Stealth
 * Level 0.6 Spellcasting
 * Level 0.8 Hexes


You had 4 spell levels left.
You didn't know any spells.
Your spell library contained the following spells:

 Spells                   Type           Power      Damage    Failure   Level
 Slow                     Hex            8%         N/A       22%         1
 Foxfire                  Conj/Fire      0%         2x1d4     32%         1
 Confusing Touch          Hex            2%         N/A       54%         3
 Inner Flame              Hex/Fire       1%         N/A       61%         3
 Conjure Flame            Conj/Fire      0%         6-21      67%         3
 Vampiric Draining        Necr           0%         2d6       67%         3
 Flame Wave               Conj/Fire      0%         2d4       97%         4


Dungeon Overview and Level Annotations

Branches:
Dungeon (3/15)

Altars:


Innate Abilities, Weirdness & Mutations

You cannot wear most types of armour.
You are amphibious.
You can wear up to eight rings at the same time.
Your skin changes colour to match your surroundings (Stealth+).
Your rubbery body absorbs attacks. (AC +1, EV +1)
((You are camouflaged when in or above water. (Stealth+)))
You have tentacles for arms and can constrict up to eight enemies at once.


Message History

Found 4 stones.
An orc comes into view. It is wielding a +0 dagger.
You see here a +0 helmet.
The orc shouts!
You hear a shout!
An orc priest comes into view. It is wielding a +0 trident.
You hear a shout!
You see here 7 stones.
You hear a shout!
The orc shouts!
You hear a shout!
An orc comes into view. It is wielding a +0 short sword.
You hit the orc but do no damage. Your grab misses the orc.
An orc comes into view. It is wielding a +0 dagger.
The orc hits you with a +0 mace.
You hit the orc. You grab the orc. You squeeze the orc.
The orc is heavily wounded.
You constrict the orc, but do no damage.
The orc priest closely misses you. The orc hits you with a +0 mace.
You hit the orc. You squeeze the orc, but do no damage.
The orc is severely wounded.
You constrict the orc. The orc hits you with a +0 mace!
The orc priest closely misses you. The orc closely misses you.
The orc priest closely misses you.
The orc shouts!
You hit the orc.
You kill the orc!
The orc curses loudly.
An orc priest comes into view. It is wielding a +0 trident.
The orc priest hits you from afar with a +0 trident.
As you read the scroll labelled WICLAA GIRGH, it crumbles to dust.
It is a scroll of identify.
c - a scroll of immolation The orc closely misses you.
The orc priest hits you from afar with a +0 trident.
* * * LOW HITPOINT WARNING * * *
As you read the scroll labelled PAPTEN TARCHEGI, it crumbles to dust.
It is a scroll of enchant weapon.
Your +0 hand axe glows red for a moment.
The orc hits you with a +0 dagger.
* * * LOW HITPOINT WARNING * * *
The orc hits you with a +0 whip.
You die...

##.#.#.# #....#.##
#...<...#
#...##.##
#...)>..#
#...#...#
#####...# .#
#...#########o..##
#......ooo@ooo....
#.......####o...##
#....#..# .###
#.........# #
#.#......)#
#.#....o#o. #
#..##..... #..
o......
##.o...####.


You could see 2 orc priests and 6 orcs.

Vanquished Creatures
  3 adders (D:2)
  2 worms (D:2)
  3 dart slugs (D:2)
  An orc (D:3)
  3 bats
  3 endoplasms
  2 giant cockroaches
  6 goblins
  5 hobgoblins
  7 jackals
  7 kobolds
  A quokka (D:2)
  6 ball pythons
  6 frilled lizards
  4 rats
59 creatures vanquished.

Notes
Turn   | Place    | Note
-------+----------+-------------------------------------------
     0 | D:1      | xian the Octopode Monk began the quest for the Orb.
     0 | D:1      | Reached XP level 1. HP: 16/16 MP: 1/1
   352 | D:1      | Reached XP level 2. HP: 20/21 MP: 2/2
   470 | D:1      | Reached skill level 3 in Stealth
   644 | D:1      | Reached XP level 3. HP: 22/26 MP: 3/3
  1489 | D:2      | Found a faded altar of an unknown god.
  1587 | D:2      | Reached XP level 4. HP: 24/31 MP: 4/4
  1911 | D:2      | Reached skill level 4 in Stealth
  2206 | D:3      | Slain by an orc

Illustrated notes

Levels and vault maps discovered:
D:1:      evilmike_arrival_crescent, layout_loops_ring, serial_aquarium,
          aquarium_bridge_long_joined [aquarium_subvault_wall,
          aquarium_subvault_bridge, aquarium_subvault_bridge,
          aquarium_subvault_window, aquarium_subvault_bridge,
          aquarium_subvault_wall], aquarium_window_corridor_2,
          aquarium_window_1, aquarium_window_1, aquarium_view_2d,
          aquarium_pool_five, hex_medium, serial_bayou_ford_a
D:2:      minmay_chambers_of_ones, layout_rooms, basic_ecumenical_altar,
          kennysheep_nondescript, kennysheep_generic_room_3
D:3:      layout_basic, gammafunk_ghost_necromancy

Skill      XL: |  1  2  3  4 |
---------------+-------------+-----
Stealth        | 3 4 |  4.2
Fighting       | |  3.4
Axes           | |  3.7
Dodging        | |  3.4
Spellcasting   | |  0.6
Hexes          | |  0.8

Action                   |  1- 3 |  4- 6 || total
-------------------------+-------+-------++-------
Melee: Hand axe          |    69 |    32 ||   101
       Constrict         |    21 |    11 ||    32
       Tentacles         |    16 |    10 ||    26
       Punch             |       |     1 ||     1
  Use: Scroll            |       |     2 ||     2
 Stab: Sleeping          |    16 |     6 ||    22
Armor: Skin              |     6 |     1 ||     7
Dodge: Dodged            |    36 |    22 ||    58
